 Dungeon Crawl Stone Soup version 0.31.0-12-g77e489cdc1 (webtiles) character file.

Game seed: 12896860701238881385

753 hawla the Blocker (level 7, 0/57 HPs)
             Began as a Minotaur Fighter on Mar 2, 2024.
             Was an Initiate of Yredelemnul.
             Incinerated by a bombardier beetle (5 damage)
             ... with a burning spray
             ... on level 5 of the Dungeon.
             The game lasted 00:08:08 (3439 turns).

hawla the Blocker (Minotaur Fighter)                Turns: 3439, Time: 00:08:08

Health: 0/57       AC:  9    Str: 20    XL:     7   Next: 49%
Magic:  6/6        EV:  9    Int:  5    God:    Yredelemnul [......]
Gold:   282        SH: 12    Dex: 12    Spells: 6/6 levels left

rFire   . . .        a - +0 long sword
rCold   . . .        h - +1 kite shield
rNeg    . . .        b - +0 scale mail
rPois   .            (helmet restricted)
rElec   .            (no cloak)
rCorr   .            (no gloves)
SInv    .            o - +1 pair of boots
Will    .....        k - amulet of faith Stlth
                     (no ring)
HPRegen 0.29/turn    (no ring)
MPRegen 0.10/turn

%: faith
@: on fire, about to teleport, glowing
A: horns 2, retaliatory headbutt
a: Renounce Religion, Recall Undead Harvest


You were on level 5 of the Dungeon.
You worshipped Yredelemnul.
Yredelemnul was noncommittal.
You visited 2 branches of the dungeon, and saw 6 of its levels.

You collected 282 gold pieces.

Inventory:

Hand Weapons
 a - a +0 long sword (weapon)
Armour
 b - a +0 scale mail (worn)
 h - a +1 kite shield (worn)
 o - a +1 pair of boots (worn)
Jewellery
 k - an amulet of faith (around neck)
Wands
 l - a wand of mindburst (16)
Scrolls
 c - a scroll of enchant armour
 e - 2 scrolls of silence
 f - 2 scrolls of fog
 g - a scroll of brand weapon {unknown}
Potions
 d - 2 potions of might
 i - a potion of lignification {unknown}
 j - 2 potions of curing
 m - a potion of mutation {unknown}
 p - a potion of invisibility {unknown}


   Skills:
 - Level 3.6 Fighting
 + Level 2.7 Long Blades
 - Level 3.6 Armour
 - Level 3.0 Dodging
 - Level 10.0 Shields


You had 6 spell levels left.
You didn't know any spells.
Your spell library was empty.

Dungeon Overview and Level Annotations

Branches:
Dungeon (5/15)             Temple (1/1) D:4

Altars:
Ashenzari
Cheibriados
Dithmenos
Elyvilon
Fedhas
Gozag
Hepliaklqana
Makhleb
Nemelex Xobeh
Qazlal
Ru
Trog
Uskayaw
Vehumet
Wu Jian
Xom
Yredelemnul
The Shining One

Annotations:
Temple 4 transporters


Innate Abilities, Weirdness & Mutations

You have a pair of horns on your head.
You reflexively headbutt those who attack you in melee.


Message History

The bombardier beetle is severely wounded.
The liquid fire burns you!
The iguana bites you but does no damage.
You hit the bombardier beetle.
The bombardier beetle is almost dead.
The liquid fire burns you!
The iguana bites you but does no damage.
The bombardier beetle sprays incendiary fluid at you.
The burning spray hits you.
You are even more covered in liquid fire!
You slash the bombardier beetle!
You kill the bombardier beetle!
The liquid fire burns you!
The iguana bites you but does no damage.
The iguana bites you! You block the ice beast's attack.
Training target 10.0 for Shields reached!
Your Shields skill increases to level 10!
You need to enable at least one skill for training.
You hit the ice beast. You headbutt the ice beast.
The ice beast is moderately wounded.
The liquid fire burns you! You block the ice beast's attack.
You block the iguana's attack.
You hit the ice beast but do no damage. You headbutt the ice beast.
The ice beast is moderately wounded.
The liquid fire burns you!
The iguana bites you but does no damage.
The ice beast hits you but does no damage.
You hit the ice beast.
The ice beast is heavily wounded.
The liquid fire burns you!
* * * LOW HITPOINT WARNING * * *
You block the ice beast's attack. You block the iguana's attack.
The iguana bites you.
* * * LOW HITPOINT WARNING * * *
You block the ice beast's attack.
As you read the scroll of teleportation, it crumbles to dust.
You feel strangely unstable. The liquid fire burns you!
You die...
Your body rises from the dead as a mindless zombie.

.# #. #.# #.#. .#.#
#.#.# .#.#.# #.#.#
.#.#.#.# #.#.#
.#.#.#.#.# #.#.#
.#.#.#.#.#Y#l#.#
#.#.#.#.#.#@#.#
#.#.#.#.#.#.#
#.#.#.#.#.#.#
#.#.#.#.#.#.#
#.#.#.#.#.#.#
#.#.#.#.#.#.#
###########.##.#######
#................#
#.....######.......


You could see an ice beast and an iguana.

Vanquished Creatures
  3 ogres
  A scorpion (D:4)
  A hound (D:4)
  A bombardier beetle (D:5)
  A sleepcap (D:4)
  Natasha (thrice) (D:3)
  A howler monkey zombie (D:4)
  Robin (D:3)
  11 gnolls
  3 adders
  An adder zombie (D:4)
  6 dart slugs
  2 ribbon worms (D:2)
  10 endoplasms
  2 giant cockroaches (D:4)
  13 goblins
  9 hobgoblins
  6 jackals
  6 kobolds
  4 quokkas
  9 ball pythons
  3 bats
  2 frilled lizards
  10 rats
109 creatures vanquished.

Notes
Turn   | Place    | Note
-------+----------+-------------------------------------------
     0 | D:1      | hawla the Minotaur Fighter began the quest for the Orb.
     0 | D:1      | Reached XP level 1. HP: 19/19 MP: 0/0
   169 | D:1      | Reached skill level 1 in Dodging
   172 | D:1      | Reached skill level 4 in Shields
   172 | D:1      | Reached XP level 2. HP: 24/26 MP: 1/1
   465 | D:1      | Reached XP level 3. HP: 31/31 MP: 2/2
   716 | D:2      | Reached skill level 5 in Shields
   716 | D:2      | Reached XP level 4. HP: 22/39 MP: 3/3
  1322 | D:3      | Noticed Robin
  1346 | D:3      | Reached XP level 5. HP: 21/45 MP: 4/4
  1354 | D:3      | Killed Robin
  1355 | D:3      | Reached skill level 6 in Shields
  1657 | D:3      | Noticed Natasha
  1668 | D:3      | Killed Natasha
  1725 | D:3      | Noticed Natasha
  1731 | D:3      | Killed Natasha
  1732 | D:3      | Reached skill level 7 in Shields
  1790 | D:3      | Noticed an ogre
  1805 | D:3      | Killed an ogre
  1806 | D:3      | Reached XP level 6. HP: 6/51 MP: 5/5
  1819 | D:3      | Noticed Natasha
  1999 | D:3      | Killed Natasha
  2137 | D:3      | Reached skill level 8 in Shields
  2601 | D:4      | Reached skill level 9 in Shields
  2601 | D:4      | Reached XP level 7. HP: 55/57 MP: 6/6
  2678 | D:4      | Found a staircase to the Ecumenical Temple.
  2694 | Temple   | Found a transporter.
  2694 | Temple   | Found a transporter.
  2694 | Temple   | Found a transporter.
  2694 | Temple   | Found a transporter.
  2694 | Temple   | Entered the Ecumenical Temple
  2824 | D:4      | Found a hazy altar of Hepliaklqana.
  2960 | D:4      | Found a shimmering altar of Xom.
  2960 | D:4      | Found a blossoming altar of Fedhas.
  2961 | D:4      | Found a white marble altar of Elyvilon.
  3235 | D:4      | Found a basalt altar of Yredelemnul.
  3297 | D:4      | Became a worshipper of Yredelemnul the Dark
  3390 | D:5      | Entered Level 5 of the Dungeon
  3436 | D:5      | Reached skill level 10 in Shields
  3439 | D:5      | Incinerated by a bombardier beetle

Illustrated notes

Levels and vault maps discovered:
D:1:      reono_arrival_mine, layout_loops_ring
D:2:      layout_basic, minmay_tromino_v4_a
D:3:      layout_loops_ring, ebering_dispersal_statue_hall, uniq_natasha,
          uniq_robin
D:4:      layout_loops_ring, lemuel_zombie_altar_yredelemnul,
          nicolae_overflow_hidden_temple, minmay_temple_entry_ruins
D:5:      layout_basic, led_sif_pool, serial_shops, shop
Temple:   hellmonk_temple_divided_pantheon

Skill      XL: |  1  2  3  4  5  6  7 |
---------------+----------------------+-----
Dodging        | 1 2 3 |  3.0
Shields        | 4 5 7 9 10 | 10.0
Fighting       | |  3.6
Long Blades    | |  2.7
Armour         | |  3.6

Action                     |  1- 3 |  4- 6 |  7- 9 || total
---------------------------+-------+-------+-------++-------
  Melee: Long sword        |    96 |   159 |    53 ||   308
         Headbutt          |    11 |    26 |    16 ||    53
    Use: Scroll            |     1 |     6 |     1 ||     8
         Potion            |       |     2 |       ||     2
 Armour: Scale mail        |    65 |   107 |    33 ||   205
  Dodge: Dodged            |    43 |    46 |    12 ||   101
  Block: Buckler           |     5 |       |       ||     5
         Kite shield       |    37 |   127 |    34 ||   198
